 Dungeon Crawl Stone Soup version 0.30.1-11-g7821555f0a (webtiles) character file.

Game seed: 11050737735282315590

48 lonewolfV2 the Shield-Bearer (level 3, -5/31 HPs)
             Began as a Minotaur Fighter on Nov 3, 2023.
             Slain by a gnoll
             ... wielding a +0 spear
              (6 damage)
             ... on level 3 of the Dungeon.
             The game lasted 00:02:48 (1353 turns).

lonewolfV2 the Shield-Bearer (Minotaur Fighter)     Turns: 1353, Time: 00:02:49

Health: -5/31      AC:  6    Str: 20    XL:     3   Next: 50%
Magic:  2/2        EV: 10    Int:  5    God:
Gold:   113        SH:  4    Dex: 11    Spells: 2/2 levels left

rFire   . . .        a - +0 war axe
rCold   . . .        c - +0 buckler
rNeg    . . .        b - +0 scale mail
rPois   .            (helmet restricted)
rElec   .            (no cloak)
rCorr   .            (no gloves)
SInv    .            (no boots)
Will    .....        (no amulet) Stlth
                     (no ring)
HPRegen 0.25/turn    (no ring)
MPRegen 0.08/turn

%: no passive effects
@: no status effects
A: horns 2, retaliatory headbutt
a: no special abilities


You were on level 3 of the Dungeon.
You visited 1 branch of the dungeon, and saw 4 of its levels.

You collected 113 gold pieces.

Inventory:

Hand Weapons
 a - a +0 war axe (weapon)
Armour
 b - a +0 scale mail (worn)
 c - a +0 buckler (worn)
 e - a +0 pair of gloves
Scrolls
 f - a scroll of magic mapping
 m - a scroll of fear {unknown}
Potions
 d - a potion of might
 g - 2 potions of heal wounds
 h - a potion of haste {unknown}
 i - a potion of invisibility {unknown}
 j - 2 potions of curing
 k - a potion of attraction {unknown}
 l - a potion of resistance {unknown}
 n - a potion of mutation {unknown}


   Skills:
 - Level 3.6 Fighting
 + Level 3.3 Axes
 - Level 3.6 Armour
 * Level 2.9 Dodging
 - Level 3.6 Shields


You had 2 spell levels left.
You didn't know any spells.
Your spell library was empty.

Dungeon Overview and Level Annotations

Branches:
Dungeon (4/15)
 Temple: D:4-7

Altars:

Annotations:
D:4 Dowan, Duvessa


Innate Abilities, Weirdness & Mutations

You have a pair of horns on your head.
You reflexively headbutt those who attack you in melee.


Message History

The ball python hisses angrily.
A gnoll comes into view. It is wielding a +0 spear.
The goblin shoots a sling bullet.
The sling bullet barely misses you.
The gnoll shouts!
You slash the endoplasm!
You kill the endoplasm!
The goblin shoots a sling bullet.
The sling bullet completely misses you.
The goblin shoots a sling bullet.
The sling bullet hits you but does no damage.
An orc comes into view. It is wielding a +0 club.
The orc shouts!
The ball python bites you but does no damage.
The ball python grabs you. The ball python constricts you.
The ball python closely misses you. The ball python constricts you.
You escape the ball python's grasp.
The gnoll barely misses you.
You closely miss the ball python. You hit the gnoll but do no damage.
You hit the goblin. The ball python bites you.
The ball python barely misses you.
The goblin unwields a +0 sling.
The goblin wields a +0 club.
The goblin hits you but does no damage. The gnoll hits you with a +0 flail!
The gnoll hits you from afar with a +0 spear.
The gnoll barely misses you. The ball python bites you.
The ball python closely misses you. The goblin hits you but does no damage.
You closely miss the ball python. You closely miss the gnoll.
You closely miss the goblin. The ball python barely misses you. x2
The gnoll barely misses you. The gnoll closely misses you.
The gnoll barely misses you. The goblin hits you but does no damage.
You hit the ball python.
You kill the ball python!
You barely miss the gnoll. You closely miss the goblin.
The gnoll hits you from afar with a +0 spear.
The gnoll hits you with a +0 flail!
* * * LOW HITPOINT WARNING * * *
The gnoll completely misses you. The goblin barely misses you.
The gnoll closely misses you. You furiously retaliate!
You headbutt the gnoll! The gnoll closely misses you.
The gnoll hits you but does no damage. The goblin misses you.
You furiously retaliate!
You headbutt the goblin, but do no damage.
The gnoll hits you with a +0 spear.
You die...

#......(....#
#...........## .#
#............### .##.
#.............. .....
...........#### ....#
.............+.....#
####'###....###.....#
#..(..>.†#....o......
#.##.###.##.g@g......
#.##.....#.#.gg......
#.....#.##.#.#.......
#####.#....#.#.....#.
#>..#....#.....#
#.#.######.....#
#.#.# .....# #+#..
.....# ....


You could see 3 gnolls, an orc and a goblin.

Vanquished Creatures
  A worm (D:2)
  2 dart slugs
  4 ball pythons
  6 bats
  5 endoplasms
  3 giant cockroaches
  A goblin (D:1)
  A hobgoblin (D:2)
  6 jackals (D:1)
  A kobold (D:1)
  3 frilled lizards (D:1)
  3 rats
36 creatures vanquished.

Notes
Turn   | Place    | Note
-------+----------+-------------------------------------------
     0 | D:1      | lonewolfV2 the Minotaur Fighter began the quest for the
                  | Orb.
     0 | D:1      | Reached XP level 1. HP: 19/19 MP: 0/0
   145 | D:1      | Reached skill level 1 in Dodging
   150 | D:1      | Reached XP level 2. HP: 24/26 MP: 1/1
   463 | D:1      | Found a faded altar of an unknown god.
   873 | D:1      | Reached XP level 3. HP: 31/31 MP: 2/2
  1259 | D:2      | You fall into a shaft and drop 2 floors!
  1312 | D:4      | Noticed Duvessa
  1314 | D:4      | Noticed Dowan
  1352 | D:3      | HP: 1/31 [gnoll/+0 flail (9)]
  1353 | D:3      | Slain by a gnoll

Illustrated notes

Levels and vault maps discovered:
D:1:      minmay_arrival_doors, layout_loops_ring, basic_ecumenical_altar,
          nicolae_hexahallways, dreamdust_wishing_well
D:2:      layout_basic
D:3:      layout_basic, tgw_fedhas, gammafunk_temple_overflow_forgotten,
          lemuel_tele_altar, serial_shops, nicolae_shop_hallway_stairs
D:4:      layout_layer_cave, minmay_temple_entry_overgrown, uniq_duvessa

Skill      XL: |  1  2 |
---------------+-------+-----
Dodging        | 1 2 |  2.9
Axes           | 3 |  3.3
Fighting       | |  3.6
Armour         | |  3.6
Shields        | |  3.6

Action                     || total
---------------------------++-------
  Melee: War axe           ||    55
         Headbutt          ||     7
    Use: Scroll            ||     3
 Armour: Scale mail        ||    34
  Dodge: Dodged            ||    48
  Block: Buckler           ||    21
